Map: 机会渺茫

Players

健力是个宝

  • Race: Zerg Zerg
  • Spawn Location: 6:00

一个卑鄙的泰伦人

  • Race: Zerg Zerg

VOD

Have the link to the VOD?

Description

Time

  • Played on: Dec. 10, 2020, 8:36 a.m.
  • Length: 30:05
Show
View Real Time Build Order
Export as new Build Order

健力是个宝 Zerg 

Build Orders:  

Get SALT Encoding   

  12  0:06  Drone  
  13  0:32  Drone  
  13  0:34  Overlord  
  14  0:44  Roach Warren  
  14  0:47  Drone  
  14  0:59  Drone x2  
  16  1:06  Drone  
  17  1:10  Drone  
  18  1:24  Drone x2  
  20  1:49  Spine Crawler x2  
  18  1:50  Drone x2  
  18  1:55  Drone  
  21  2:05  Extractor  
  21  2:08  Drone, Extractor  
  20  2:12  Drone  
  20  2:19  Overlord  
  21  2:33  Drone  
  22  2:45  Drone  
  22  2:46  Drone x3  
  26  2:56  Drone  
  27  3:07  Drone  
  28  3:11  Overlord  
  28  3:39  Hatchery  
  27  3:48  Lair  
  27  3:55  Drone  
  27  3:56  Drone x2  
  30  4:03  Drone  
  30  4:04  Drone  
  32  4:12  Roach  
  32  4:15  Drone  
  35  4:27  Overlord  
  35  4:34  Extractor  
  35  4:36  Extractor  
  35  4:37  Drone  
  34  4:56  Drone x2  
  34  4:57  Drone x2  
  38  5:09  Drone x2, Roach  
  40  5:10  Drone x2  
  42  5:31  Brutalisk  
  42  5:34  Roach  
  44  5:41  Drone  
  44  5:42  Drone x4  
  49  6:01  Drone  
  49  6:02  Drone x2  
  49  6:09  Infestation Pit  
  51  6:33  Drone  
  51  6:36  Overlord x2  
  52  6:41  Evolution Chamber  
  52  6:44  Evolution Chamber  
  52  6:48  Roach  
  50  7:10  Brutalisk  
  50  7:13  Roach  
  52  7:21  Swarm Host x4  
  52  7:22  Swarm Host  
  52  7:28  Zerg Missile Weapons Level 1  
  52  7:29  Zerg Ground Armor Level 1  
  67  7:30  Overlord  
  67  7:35  Lair  
  67  7:59  Overlord  
  67  8:00  Overlord x2  
  67  8:01  Swarm Host  
  70  8:16  Roach  
  70  8:38  Brutalisk  
  70  8:42  Overlord x2  
  70  8:44  Swarm Host x3  
  79  8:56  Hive  
  79  9:00  Deep Tunnel  
  73  9:34  Overlord x2  
  73  9:35  Overlord x2  
  73  9:36  Swarm Host  
  76  10:03  Swarm Host x2  
  76  10:04  Swarm Host  
  85  10:32  Swarm Host  
  85  10:36  Zerg Missile Weapons Level 2, Zerg Ground Armor Level 2  
  88  11:05  Overseer  
  88  11:06  Overseer  
  88  11:35  Swarm Host  
  88  11:37  Overlord  
  88  11:38  Overlord x3  
  88  11:39  Overlord x3  
  91  11:45  Queen  
  91  11:47  Pressurized Glands  
  91  11:50  Queen  
  93  12:10  Unknown  
  93  12:15  Queen  
  97  13:35  Queen  
  97  13:46  Bio-Mechanical Transfusion, Incubation Chamber  
  99  14:01  Swarm Host x3  
  99  14:02  Swarm Host x2  
  108  14:52  Queen x4  
  114  15:22  Queen  
  113  16:13  Overseer  
  113  16:38  Overseer x3  
  113  16:41  Zerg Missile Weapons Level 3, Zerg Ground Armor Level 3  
  113  16:54  Swarm Host x3  
  113  16:55  Swarm Host  
  113  16:57  Overlord x4  
  113  16:58  Overlord  
  125  17:54  Swarm Host x3  
  125  17:55  Swarm Host  
  137  18:30  Swarm Host  
  137  18:31  Swarm Host  
  143  19:04  Drone  
  143  19:05  Drone  
  145  19:13  Spire  
  145  19:19  Spire  
  140  20:13  Mutalisk  
  140  20:14  Mutalisk x2  
  146  20:22  Zerg Flyer Weapons Level 1  
  146  20:33  Zerg Flyer Armor Level 1  
  146  20:55  Mutalisk x3  
  146  21:23  Leviathan x3  
  146  21:43  Swarm Host x3  
  146  21:44  Swarm Host  
  158  22:40  Swarm Host  
  158  22:41  Swarm Host x2  
  158  22:42  Swarm Host  
  170  23:11  Swarm Host  
  173  24:05  Swarm Host  
  173  24:06  Swarm Host x3  
  185  25:31  Swarm Host  
  185  25:32  Swarm Host x4  
  200  26:15  Zerg Flyer Weapons Level 2, Zerg Flyer Armor Level 2  
Show
View Real Time Build Order
Export as new Build Order

一个卑鄙的泰伦人 Zerg 

Build Orders:  

Get SALT Encoding   

  18  0:03  Primal Drone  
  19  0:11  Primal Drone  
  19  0:18  Primal Drone  
  21  0:25  Primal Drone  
  22  0:35  Extractor  
  22  0:39  Primal Drone  
  23  0:53  Primal Drone  
  24  1:04  Unknown  
  24  1:14  Extractor  
  25  1:29  Primal Warden  
  25  1:50  Primal Drone x2  
  25  1:51  Primal Drone  
  28  2:24  Primal Drone x2  
  30  2:34  Glevig's Den  
  29  2:54  Primal Drone  
  29  2:55  Primal Drone  
  29  2:57  Primal Drone  
  33  3:12  Primal Warden  
  33  3:41  Primal Drone x2  
  35  3:53  Primal Drone  
  41  4:05  Primal Hive  
  41  4:09  Murvar's Den  
  40  4:11  Primal Drone  
  41  4:29  Primal Drone  
  42  4:38  Primal Drone  
  43  4:49  Primal Drone  
  44  5:22  Primal Drone  
  44  5:23  Primal Drone  
  46  5:48  Primal Drone  
  47  5:58  Primal Warden  
  47  5:59  Primal Warden  
  47  6:03  Primal Hive  
  47  6:05  Primal Drone  
  47  6:06  Primal Drone x3  
  47  6:07  Extractor x2  
  51  6:17  Dakrun's Den  
  50  6:25  Primal Carapace Level 1, Primal Attacks Level 1  
  50  6:27  Primal Drone  
  50  6:28  Primal Drone x3  
  54  7:58  Slicing Glave  
  54  8:01  Primal Drone x2  
  54  8:02  Primal Drone x6  
  62  8:10  Primal Drone  
  62  8:11  Primal Drone  
  64  8:58  Shifting Carapace  
  64  9:04  Unknown x2  
  64  9:29  Primal Carapace Level 2, Primal Attacks Level 2  
  64  9:32  Primal Hydralisk  
  64  9:33  Primal Hydralisk x9  
  84  9:58  Primal Reconstitution  
  84  9:59  Primal Hydralisk  
  86  10:00  Primal Hydralisk  
  86  10:02  Primal Mutalisk  
  86  10:03  Primal Mutalisk x3  
  86  10:04  Primal Mutalisk  
  83  10:56  Primal Drone  
  83  10:57  Primal Drone x2  
  85  11:16  Primal Hydralisk x5  
  85  11:17  Primal Hydralisk x5  
  105  11:52  Primal Hydralisk  
  105  11:53  Primal Hydralisk x3  
  113  12:17  Primal Hydralisk  
  113  12:18  Primal Hydralisk  
  117  12:20  Primal Mutalisk x3  
  117  12:21  Primal Mutalisk x3  
  117  12:22  Primal Mutalisk  
  117  12:23  Primal Mutalisk  
  109  12:54  Primal Hydralisk  
  109  12:55  Primal Hydralisk x5  
  118  14:58  Primal Hydralisk  
  118  14:59  Primal Hydralisk x9  
  138  15:03  Primal Mutalisk  
  138  15:04  Primal Mutalisk x3  
  134  15:10  Primal Carapace Level 3, Primal Attacks Level 3  
  134  15:51  Unknown  
  134  16:00  Primal Hydralisk  
  134  16:01  Primal Hydralisk x5  
  134  16:04  Primal Mutalisk  
  134  16:05  Primal Mutalisk x3  
  134  16:07  Primal Mutalisk  
  135  18:24  Primal Hydralisk  
  135  18:25  Primal Hydralisk x8  
  135  18:26  Primal Hydralisk  
  135  18:29  Primal Mutalisk  
  154  18:30  Primal Mutalisk  
  154  18:31  Primal Mutalisk  
  152  19:10  Primal Mutalisk  
  152  19:11  Primal Mutalisk x3  
  152  19:12  Primal Mutalisk  
  152  19:19  Primal Hydralisk  
  149  19:20  Primal Hydralisk x5  
  159  19:40  Primal Hydralisk x2  
  163  22:33  Primal Ultralisk  
  163  22:34  Primal Ultralisk x5  
  199  22:41  Primal Mutalisk x2  
  199  22:42  Primal Mutalisk x2  
  178  24:18  Primal Ultralisk  
  178  24:19  Primal Ultralisk x2  
  187  24:30  Brutal Charge  
  187  24:56  Primal Ultralisk  
  193  25:30  Healing Adaptation  
  193  26:09  Primal Ultralisk  
  193  26:30  Impaling Strike  
  193  27:30  Barrage of Spikes  
  193  28:30  Tyrant's Protection  
Tags
 
Add a new tag
Caveats
  • Supply blocks, unpowered buildings, or Contaminate may cause inaccurate times.
  • Supply counts are checked every 10 seconds.